 Dungeon Crawl Stone Soup version 0.30-a0-393-g54b8e3be05 (webtiles) character file.

Game seed: 382736175237321345

53 spardeous the Ducker (level 3, -2/15 HPs)
             Began as a Felid Transmuter on Dec 6, 2022.
             Slain by an iguana (11 damage)
             ... on level 2 of the Dungeon.
             The game lasted 00:02:14 (1556 turns).

spardeous the Ducker (Felid Transmuter)             Turns: 1556, Time: 00:02:15

Health: -2/15      AC:  1    Str:  6    XL:     3   Next: 62%
Magic:  5/7        EV: 19    Int: 14    God:
Gold:   72         SH:  0    Dex: 18    Spells: 5/6 levels left
                                        Lives:  0   Deaths: 0

rFire   . . .      SeeInvis +      - Unarmed
rCold   . . .      Faith    .    (shield unavailable)
rNeg    . . .      Spirit   .    (body armour unavailable)
rPois   .          Reflect  .    (helmet unavailable)
rElec   .          Harm     .    (cloak unavailable)
rCorr   .          Rampage  .    (gloves unavailable)
Will    .....                    (boots unavailable)
Stlth   ++........               (no amulet)
HPRegen 0.22/turn                (no ring)
MPRegen 0.10/turn                (no ring)

@: appendages, quick
A: horns 2, very small, claws 1, fangs 3, see invisible, speed 1, shaggy fur 1,
stealthy paws, no weapons or thrown items, no armour, multi-lived
a: End Transformation


You were on level 2 of the Dungeon.
You had temporarily grown beastly horns.
You visited 1 branch of the dungeon, and saw 2 of its levels.

You collected 72 gold pieces.

Inventory:

Jewellery
 f - a ring of ice
 i - an amulet of reflection
Scrolls
 b - a scroll of summoning {unknown}
 c - a scroll of magic mapping {unknown}
 d - 2 scrolls of noise {unknown}
 g - a scroll of enchant armour {unknown}
 h - a scroll of butterflies {unknown}
 j - a scroll of teleportation {unknown}
 l - a scroll of vulnerability {unknown}
 m - a scroll of poison {unknown}
Potions
 a - a potion of lignification
 e - a potion of curing {unknown}
 k - a potion of heal wounds {unknown}
 n - 2 potions of attraction {unknown}


   Skills:
 - Level 1.0 Fighting
 + Level 4.2 Dodging
 + Level 3.9 Unarmed Combat
 - Level 2.0 Spellcasting
 - Level 2.1 Transmutations


You had 5 spell levels left.
You knew the following spells:

 Your Spells              Type           Power      Damage    Failure   Level
a - Beastly Appendage     Tmut           14%        N/A       10%         1

Your spell library contained the following spells:

 Spells                   Type           Power      Damage    Failure   Level
 Wereblood                Tmut           7%         N/A       14%         2
 Spider Form              Tmut/Pois      4%         N/A       41%         3
 Ice Form                 Ice/Tmut       4%         N/A       83%         4


Dungeon Overview and Level Annotations

Branches:
Dungeon (2/15)

Altars:


Innate Abilities, Weirdness & Mutations

You have temporarily grown beastly horns.
You have sharp claws.
You have razor-sharp teeth.
You have supernaturally acute eyesight. (SInv)
You cover ground quickly. (Speed+)
You are covered in fur. (AC +1)
Your paws help you pounce on unaware monsters.
You are incapable of wielding weapons or throwing items.
You cannot wear armour.
You gain extra lives every three experience levels.


Message History

You scratch the iguana. Your headbutt misses the iguana.
The iguana is heavily wounded.
The iguana completely misses you.
You barely miss the iguana.
The iguana is heavily wounded.
The iguana misses you.
You barely miss the iguana. You claw the iguana, but do no damage.
The iguana is heavily wounded.
The iguana barely misses you.
You barely miss the iguana. You headbutt the iguana.
The iguana is almost dead.
The iguana bites you.
You barely miss the iguana.
The iguana is almost dead.
The iguana bites you!
Ouch! That really hurt!
* * * LOW HITPOINT WARNING * * *
Found 11 gold pieces.
Your transformation is almost over.
You see here an adder corpse.
Your horns disappear.
The iguana hisses menacingly.
There is a stone staircase leading up here.
You climb upwards.
There is a stone staircase leading down here.
You start resting.
HP restored.
Casting: Beastly Appendage (safe; 10% risk of failure)
Confirm with . or Enter, or press ? or * to list all spells.
You grow a pair of large bovine horns.
Casting: Beastly Appendage (safe; 10% risk of failure)
Confirm with . or Enter, or press ? or * to list all spells.
You extend your transformation's duration.
You climb downwards.
The iguana bites you.
There is a stone staircase leading up here.
You scratch the iguana. You claw the iguana, but do no damage.
The iguana is severely wounded.
The iguana bites you!
Ouch! That really hurt!
You die...

### ###.# #### #...# ..# #.#.#
#.# #.# #.#.# #.#
#.###.#.######### #.#
#.....#.#.......# #.#
#@#####.#.......# #.# #l#
#.#.......# #.# #.# #.#.......#
#.# #.# #.#.......# ####
#####.#####.# #.#.......#
...###......l....#####.#.#.######
#.......#####....................
##.....##...##.......#...#.######
.##...##.....##.#........#.######


You could see an iguana.

Vanquished Creatures
  2 adders (D:2)
  A worm (D:2)
  3 bats (D:2)
  4 endoplasms
  A giant cockroach (D:1)
  4 goblins
  4 hobgoblins
  2 kobolds
  3 quokkas (D:2)
  A frilled lizard (D:1)
  3 rats
28 creatures vanquished.

Notes
Turn   | Place    | Note
-------+----------+-------------------------------------------
     0 | D:1      | spardeous the Felid Transmuter began the quest for the Orb.
     0 | D:1      | Reached XP level 1. HP: 9/9 MP: 4/4
   104 | D:1      | Reached skill level 3 in Dodging
   425 | D:1      | Reached XP level 2. HP: 12/12 MP: 4/6
  1224 | D:2      | Reached skill level 4 in Dodging
  1224 | D:2      | Reached XP level 3. HP: 11/15 MP: 5/7
  1556 | D:2      | Slain by an iguana

Illustrated notes

Levels and vault maps discovered:
D:1:      grunt_arrival_lava_bath, layout_loops_ring
D:2:      kennysheep_six_static_rooms, layout_basic

Skill      XL: |  1  2 |
---------------+-------+-----
Dodging        | 3 4 |  4.2
Fighting       | |  1.0
Unarmed Combat | |  3.9
Spellcasting   | |  2.0
Transmutations | |  2.1

Action                   || total
-------------------------++-------
Melee: Unarmed           ||    84
       Headbutt          ||    11
       Punch             ||     4
       Bite              ||     2
 Cast: Beastly Appendage ||    34
Armor: Skin              ||     2
Dodge: Dodged            ||    61

Table legend: (Time is in decaauts)
 A = Elapsed time spent in this place.
 B = Non-inter-level travel time spent in this place.
 C = Inter-level travel time spent in this place.
 D = Time resting spent in this place.
 E = Time spent auto-exploring this place.
 F = Levels seen in this place.
 G = Mean time per level.
                   A        B        C        D        E       F      G
               +--------+--------+--------+--------+--------+-----+--------+
         Total |   1337 |   1318 |     19 |    101 |    921 |   2 |  668.5 |
       Dungeon |   1337 |   1318 |     19 |    101 |    921 |   2 |  668.5 |
               +--------+--------+--------+--------+--------+-----+--------+

Top non-repeatable levels by time:
     D:1: 703 daAuts
     D:2: 633 daAuts
